 Dungeon Crawl Stone Soup version 0.27-a0-1334-g2746e35aca (webtiles) character file.

Game seed: 2510832463079448234

916 Delamore the Covert (level 8, -6/55 HPs)
             Began as an Octopode Brigand on June 26, 2021.
             Was an Initiate of Gozag.
             Splashed by a jelly's acid (10 damage)
             ... on level 5 of the Dungeon.
             The game lasted 00:04:33 (5782 turns).

Delamore the Covert (Octopode Brigand)              Turns: 5782, Time: 00:04:33

Health: -6/55      AC: -11   Str: 10    XL:     8   Next: 9%
Magic:  8/8        EV: 17    Int: 13    God:    Gozag
Gold:   174        SH:  0    Dex: 16    Spells: 7/7 levels left

rFire    . . .     SeeInvis .   i - +2 dagger (holy)
rCold    . . .     Faith    .   (no shield)
rNeg     . . .     Spirit   .   (helmet restricted)
rPois    .         Reflect  .   (no amulet)
rElec    .         Harm     .   h - ring of willpower
rCorr    .         Rampage  .   d - +4 ring of evasion
Will     +....                  (no ring)
Stlth    +++++.....             (no ring)
HPRegen  0.18/turn              (no ring)
MPRegen  0.11/turn              (no ring)
                                (no ring)
                                (no ring)

@: corroded
A: almost no armour, amphibious, 8 rings, camouflage 1, gelatinous body 1,
(nimble swimmer 1), tentacles
a: Renounce Religion, Potion Petition, Call Merchant, Bribe Branch


You were on level 5 of the Dungeon.
You worshipped Gozag.
Gozag was aware of your devotion.
You visited 2 branches of the dungeon, and saw 6 of its levels.

You collected 213 gold pieces.
You paid 39 gold pieces to Gozag.

Inventory:

Hand Weapons
 a - a +2 dagger
 i - a +2 dagger of holy wrath (weapon)
Missiles
 b - 31 poisoned darts (quivered)
 c - 4 curare-tipped darts
 p - 4 atropa-tipped darts
 u - 2 throwing nets
 y - 4 boomerangs
Jewellery
 d - a +4 ring of evasion (right tentacle)
 h - a ring of willpower (left tentacle)
 x - a ring of resist corrosion
Scrolls
 f - 2 scrolls of enchant armour
 l - a scroll of teleportation
 n - a scroll of immolation {unknown}
 o - a scroll of fog
 r - a scroll of enchant weapon {unknown}
 s - a scroll of amnesia {unknown}
 v - a scroll of acquirement {unknown}
 w - a scroll of magic mapping {unknown}
 z - a scroll of brand weapon {unknown}
Potions
 e - a potion of brilliance {unknown}
 g - a potion of heal wounds
 j - a potion of resistance
 k - 2 potions of curing
 m - a potion of haste {unknown}
 q - a potion of lignification {unknown}
 t - a potion of degeneration {unknown}


   Skills:
 - Level 5.0 Fighting
 + Level 5.6 Short Blades
 - Level 2.0 Throwing
 - Level 1.0 Dodging
 + Level 9.5 Stealth


You had 7 spell levels left.
You didn't know any spells.
Your spell library contained the following spells:

 Spells                   Type           Power      Damage    Failure   Level
 Sandblast                Erth           0%         2d4       30%         1
 Passwall                 Tmut/Erth      0%         N/A       43%         2
 Stone Arrow              Conj/Erth      0%         3d7       67%         3
 Petrify                  Tmut/Erth      0%         N/A       97%         4
 Lee's Rapid Deconstruct  Erth           0%         3d5*      100%        5


Dungeon Overview and Level Annotations

Branches:
Dungeon (5/15)             Temple (1/1) D:4

Altars:
Ashenzari
Dithmenos
Elyvilon
Fedhas
Gozag
Kikubaaqudgha
Nemelex Xobeh
Qazlal
Ru
Sif Muna
Trog
Uskayaw
Vehumet
Wu Jian
Yredelemnul
Zin


Innate Abilities, Weirdness & Mutations

You cannot wear most types of armour.
You are amphibious.
You can wear up to eight rings at the same time.
Your skin changes colour to match your surroundings (Stealth+).
Your rubbery body absorbs attacks. (AC +1, EV +1)
((You are camouflaged near water. (Stealth+)))
You have tentacles for arms and can constrict up to eight enemies at once.


Message History

The jelly closely misses you.
You hit the jelly but do no damage.
Your tentacles burn!
You squeeze the jelly, but do no damage.
The jelly is moderately wounded.
You hit the jelly but do no damage.
Your tentacles burn!
You squeeze the jelly.
The jelly is heavily wounded.
The jelly hits you.
You are splashed with acid!
You hit the jelly but do no damage.
Your tentacles burn!
The jelly is heavily wounded.
The jelly barely misses you.
You are too injured to fight recklessly!
You are too injured to fight recklessly!
You are too injured to fight recklessly!
You are too injured to fight recklessly!
You are too injured to fight recklessly!
You are too injured to fight recklessly!
You are too injured to fight recklessly!
You are too injured to fight recklessly!
You are too injured to fight recklessly!
You are too injured to fight recklessly!
You are too injured to fight recklessly!
You are too injured to fight recklessly!
You completely miss the jelly. Your squeeze misses the jelly.
The jelly is heavily wounded.
You hit the jelly.
Your tentacles burn!
The jelly is severely wounded.
The jelly hits you.
You are splashed with acid!
* * * LOW HITPOINT WARNING * * *
You hit the jelly but do no damage.
Your tentacles burn!
* * * LOW HITPOINT WARNING * * *
The jelly is severely wounded.
The jelly closely misses you.
You hit the jelly but do no damage.
Your tentacles burn!
* * * LOW HITPOINT WARNING * * *
The jelly is severely wounded.
The jelly hits you.
* * * LOW HITPOINT WARNING * * *
The acid corrodes you!
You are splashed with acid!
You die...
Your body crumbles into a pile of gold.

$ #. #. #.# #.# ..#
#.#####.####..#
#$#...........##
##....##.........
#..............#
#####..@J.#........#
#.........#........# .#
#.###..#..#........##.#
#.................#
#.##..#..........##
#.....#...........##
####..#............#
#..##.......###.#
#...........# #..


You could see a jelly.

Vanquished Creatures
  A yak (D:5)
  Sigmund (D:3)
  A sky beast (D:4)
  An ogre (D:5)
  A centaur (D:4)
  An orc priest (D:4)
  A hound (D:4)
  A bullfrog skeleton (D:5)
  A centaur skeleton (D:4)
  A hound zombie (D:5)
  6 adders
  10 gnolls
  A shadow imp (D:5)
  An adder skeleton (D:2)
  A worm (D:2)
  A dart slug (D:2)
  8 endoplasms
  A giant cockroach (D:1)
  3 goblins (D:2)
  9 hobgoblins
  3 jackals (D:1)
  2 quokkas (D:1)
  10 ball pythons
  9 bats
  3 frilled lizards
  A kobold (D:2)
  3 rats
82 creatures vanquished.

Notes
Turn   | Place    | Note
-------+----------+-------------------------------------------
     0 | D:1      | Delamore the Octopode Brigand began the quest for the Orb.
     0 | D:1      | Reached XP level 1. HP: 14/14 MP: 1/1
   124 | D:1      | Found a faded altar of an unknown god.
   186 | D:1      | Reached XP level 2. HP: 14/19 MP: 2/2
   907 | D:1      | Reached XP level 3. HP: 25/25 MP: 3/3
  1573 | D:2      | Reached skill level 6 in Stealth
  1817 | D:2      | Reached XP level 4. HP: 30/30 MP: 4/4
  2448 | D:3      | Noticed Sigmund
  3277 | D:3      | Reached XP level 5. HP: 23/36 MP: 5/5
  3701 | D:3      | Killed Sigmund
  3702 | D:3      | Reached skill level 7 in Stealth
  3702 | D:3      | Reached XP level 6. HP: 37/43 MP: 6/6
  4669 | D:4      | Reached skill level 8 in Stealth
  4669 | D:4      | Reached XP level 7. HP: 49/49 MP: 7/7
  4792 | D:4      | Found a staircase to the Ecumenical Temple.
  4837 | Temple   | Entered the Ecumenical Temple
  4980 | Temple   | Became a worshipper of Gozag Ym Sagoz the Greedy
  5306 | D:5      | Entered Level 5 of the Dungeon
  5379 | D:5      | Noticed a yak
  5418 | D:5      | Reached skill level 5 in Fighting
  5418 | D:5      | Reached skill level 5 in Short Blades
  5430 | D:5      | Killed a yak
  5431 | D:5      | Reached skill level 9 in Stealth
  5431 | D:5      | Reached XP level 8. HP: 12/55 MP: 8/8
  5782 | D:5      | Splashed by a jelly's acid

Illustrated notes

Levels and vault maps discovered:
D:1:      eino_arrival_cavern_e, layout_basic,
          hellmonk_ecumenical_altar_slurped_away,
          chequers_serial_rivers_micro_b, minmay_misc_feat_cross
D:2:      wander_river, layout_loops_corners, grunt_decor_resistance
D:3:      layout_loops_corners, uniq_sigmund
D:4:      layout_basic, minmay_temple_entry_gardened_gates,
          supply_closet_lemuel, st_stairs_13, hex_medium,
          minmay_tree_intersection, minivault_24
D:5:      layout_loops_ring, minmay_misc_feat_five,
          minmay_shop_enchanted_jewellery, minmay_manual_mandibuliform
Temple:   regret_index_temple_chain_breaker

Skill      XL: |  1  2  3  4  5  6  7 |
---------------+----------------------+-----
Stealth        | 6 7 8 9 |  9.5
Fighting       | 3 4 5 |  5.0
Short Blades   | 3 4 5 |  5.6
Throwing       | |  2.0
Dodging        | |  1.0

Action                   |  1- 3 |  4- 6 |  7- 9 || total
-------------------------+-------+-------+-------++-------
Melee: Dagger            |    57 |    58 |    38 ||   153
       Tentacles         |     9 |    14 |     6 ||    29
       Constrict         |    11 |    16 |     4 ||    31
Throw: Dart              |       |    16 |     6 ||    22
  Use: Scroll            |     1 |     2 |     1 ||     4
       Potion            |       |     2 |       ||     2
 Stab: Sleeping          |    19 |     5 |     4 ||    28
Armor: Skin              |     2 |     2 |       ||     4
Dodge: Dodged            |    22 |    40 |    18 ||    80

Table legend: (Time is in decaauts)
 A = Elapsed time spent in this place.
 B = Non-inter-level travel time spent in this place.
 C = Inter-level travel time spent in this place.
 D = Time resting spent in this place.
 E = Time spent auto-exploring this place.
 F = Levels seen in this place.
 G = Mean time per level.
                   A        B        C        D        E       F      G
               +--------+--------+--------+--------+--------+-----+--------+
         Total |   5754 |   5515 |    239 |   1223 |   3685 |   6 |  959.0 |
       Dungeon |   5590 |   5405 |    185 |   1223 |   3578 |   5 | 1118.0 |
        Temple |    163 |    109 |     54 |      0 |    107 |   1 |  163.0 |
               +--------+--------+--------+--------+--------+-----+--------+

Top non-repeatable levels by time:
     D:2: 1701 daAuts
     D:4: 1301 daAuts
     D:1: 1200 daAuts
     D:3: 1155 daAuts
     D:5: 231 daAuts
  Temple: 163 daAuts
